[Event "Titled Tuesday Blitz January 10 Late 2023"]
[White "Timmermans, Mark"]
[Black "Yashmetov, Mikhail"]
[WhiteFideId "1026399"]
[BlackFideId "24198900"]
[WhiteElo "2392"]
[BlackElo "2323"]
[Result "1-0"]
[Round "01"]
[TimeControl "180+2"]
[Date "2023.01.10"]
[WhiteClock "0:01:17"]
[BlackClock "0:00:11"]

1. e4 c5 2. Nf3 Nc6 3. d4 cxd4 4. Nxd4 Nf6 5. Nc3 e5 6. Ndb5 d6 7. Bg5 a6 8. Na3 b5 9. Bxf6 gxf6 10. Nd5 f5 11. c3 fxe4 12. Bxb5 axb5 13. Nxb5 Be6 14. Nbc7+ Kd7 15. Nxa8 Bxd5 16. Qxd5 Qxa8 17. Qxf7+ Be7 18. Qf5+ Kc7 19. Qxe4 Qa6 20. Qe2 Qa4 21. O-O Rg8 22. b4 Qa8 23. Qe4 Nd4 24. Qxa8 Ne2+ 25. Kh1 Rxa8 26. c4 Nd4 27. Rfc1 Bg5 28. Rc3 Bd2 29. Rh3 Bxb4 30. Rxh7+ Kc6 31. a4 Nc2 32. Ra2 Na3 33. h4 Nxc4 34. h5 Rf8 35. g4 Bd2 36. Kg2 e4 37. Re7 Rf4 38. Kg3 Rf3+ 39. Kg2 Rf4 40. Rg7 Ne5 41. h6 e3 42. fxe3 Bxe3 43. h7 Nf7 44. Rxf7 Rxg4+ 45. Kf3 1-0


[Site "https://www.chess.com"]

[Event "Titled Tuesday Blitz January 10 Late 2023"]
[White "Huber, Benedikt"]
[Black "Tan, Zhongyi"]
[WhiteFideId "12923583"]
[BlackFideId "8603642"]
[WhiteElo "2272"]
[BlackElo "2517"]
[Result "1-0"]
[Round "01"]
[TimeControl "180+2"]
[Date "2023.01.10"]
[WhiteClock "0:00:06"]
[BlackClock "0:00:06"]

1. d4 Nf6 2. Nc3 d5 3. Bf4 Bf5 4. e3 e6 5. f3 Bd6 6. Nge2 h6 7. Bxd6 Qxd6 8. Ng3 Bg6 9. Bd3 Bxd3 10. Qxd3 O-O 11. e4 dxe4 12. fxe4 Qe7 13. O-O-O Rd8 14. e5 Nd5 15. Nce4 Nd7 16. Nh5 Nf8 17. Qg3 Ng6 18. h4 b6 19. Nxg7 Kxg7 20. h5 Rh8 21. hxg6 fxg6 22. c4 Nb4 23. a3 Nc6 24. Nf6 Rad8 25. Qf4 Na5 26. Rh3 Nxc4 27. Rdh1 g5 28. Qg4 Qf7 29. Rc3 b5 30. a4 c6 31. axb5 cxb5 32. Kb1 Nd2+ 33. Ka1 Nc4 34. Rch3 Rc8 35. Qe4 Rc7 36. Rg3 Qg6 37. Qxg6+ Kxg6 38. d5 exd5 39. Nxd5 Rd7 40. Rd3 Rhd8 41. Ne7+ Kf7 42. Rxd7 Rxd7 43. Nc6 Kg6 44. e6 Rd6 45. e7 Re6 46. Rd1 Kf7 47. Rd8 Rxe7 48. Nxe7 Kxe7 49. Ra8 Ke6 50. Rxa7 Kf5 51. Rb7 Nd6 52. Rb6 Ke5 53. Ka2 h5 54. Kb3 h4 55. Kb4 g4 56. Kc5 Ne4+ 57. Kxb5 h3 58. gxh3 gxh3 59. Rh6 Ng5 60. Kc6 Kf4 61. b4 Kg3 62. b5 Nf3 63. b6 Nd4+ 64. Kc7 Nf5 65. Rh7 Nh4 66. b7 h2 67. Rxh4 Kxh4 68. b8=Q Kh3 69. Qa8 Kg3 70. Qh1 Kh3 71. Kc6 Kg3 72. Kd5 Kf2 73. Kd4 1-0


[Site "https://www.chess.com"]

[Event "Titled Tuesday Blitz January 10 Late 2023"]
[White "Talibov, Shiroghlan"]
[Black "Becerra, Juan David"]
[WhiteFideId "13429078"]
[BlackFideId "4404998"]
[WhiteElo "2359"]
[BlackElo "2382"]
[Result "1-0"]
[Round "01"]
[TimeControl "180+2"]
[Date "2023.01.10"]
[WhiteClock "0:00:05"]
[BlackClock "0:00:03"]

1. Nf3 d5 2. c4 c6 3. d4 e6 4. Bf4 dxc4 5. e4 b5 6. Nbd2 Bb7 7. a4 a6 8. Be2 Nf6 9. Qc2 Be7 10. O-O O-O 11. b3 cxb3 12. Nxb3 Nbd7 13. Rfc1 c5 14. dxc5 Bxe4 15. Qa2 Nd5 16. Bd2 b4 17. Nfd4 Nc3 18. Bxc3 bxc3 19. Rxc3 Bd5 20. Qc2 e5 21. Nf5 Bxb3 22. Qxb3 Bxc5 23. Rd1 Bd4 24. Nxd4 exd4 25. Rxd4 Qe7 26. Re3 Nc5 27. Qd5 Qa7 28. h4 Ne6 29. Rg4 Rfd8 30. Qf5 g6 31. h5 Ng7 32. Qg5 Rd4 33. hxg6 hxg6 34. Bc4 Rxg4 35. Qxg4 Kf8 36. Rf3 Nf5 37. Qg5 Qd4 38. Rf4 Qd1+ 39. Kh2 Qd8 40. Qxd8+ Rxd8 41. g4 Nd6 42. Bxa6 Ra8 43. Be2 Ke7 44. Kg3 g5 45. Rb4 Ra5 46. Bd1 f6 47. Bb3 Kd7 48. Rb8 Ne4+ 49. Kg2 Nc5 50. Bc2 Nxa4 51. Rb5 Ra6 52. Bf5+ Kd6 53. Rb7 Nc5 54. Rf7 Ke5 55. Re7+ Kd6 56. Re3 Rb6 57. f3 Rb2+ 58. Kg3 Rb3 59. Re2 Rb6 60. Rd2+ Kc7 61. Rd5 Rc6 62. f4 Kb6 63. fxg5 fxg5 64. Kg2 Rc7 65. Rd8 Re7 66. Rg8 Re3 67. Rxg5 Nd3 68. Rg6+ Kc5 69. Ra6 Kb5 70. Bxd3+ Rxd3 71. Re6 Kc5 72. g5 Kd5 73. Rf6 Ke5 74. Rf8 Rd6 75. Kg3 Rd4 76. Rf7 Ke6 77. Rf8 Rd1 78. Rf6+ Ke7 79. Kg4 Rg1+ 80. Kh5 Rh1+ 81. Kg6 Rg1 82. Rf2 Ke8 83. Kh6 Ke7 84. g6 Rh1+ 85. Kg7 Rg1 86. Kh7 Rh1+ 87. Kg8 Rg1 88. g7 Rg3 89. Rf4 Rg1 90. Rf2 Rg3 91. Re2+ Kf6 92. Kf8 Rxg7 93. Rf2+ Kg6 94. Rg2+ Kh6 95. Rxg7 1-0


[Site "https://www.chess.com"]

[Event "Titled Tuesday Blitz January 10 Late 2023"]
[White "Carbone, Diego"]
[Black "Rustemov, Alexander"]
[WhiteFideId "3002179"]
[BlackFideId "4119002"]
[WhiteElo "2336"]
[BlackElo "2525"]
[Result "1/2-1/2"]
[Round "01"]
[TimeControl "180+2"]
[Date "2023.01.10"]
[WhiteClock "0:00:02"]
[BlackClock "0:00:32"]

1. d4 f5 2. g3 Nf6 3. Bg2 d6 4. c4 g6 5. Nc3 Bg7 6. Nf3 O-O 7. O-O c6 8. Rb1 a5 9. a3 Qe8 10. Re1 e5 11. e4 fxe4 12. Nxe4 Nxe4 13. dxe5 Bf5 14. exd6 Qd7 15. Bf4 Na6 16. Ne5 Bxe5 17. Bxe5 Nec5 18. Bc3 Rae8 19. Qd4 Rxe1+ 20. Rxe1 Ne6 21. Qh8+ Kf7 22. Qxh7+ Ke8 23. Qh6 Qf7 24. Qe3 a4 25. h3 Nc5 26. g4 Kd7 27. gxf5 Qxf5 28. Bb4 b6 29. f4 Qxf4 30. Bxc5 Qxe3+ 31. Bxe3 Kxd6 32. Bxb6 c5 33. Rd1+ Nd4 34. Bd5 Rb8 35. Rxd4 cxd4 36. Bxd4 Rb3 37. Kg2 Rd3 38. Bc3 Kc5 39. Bb4+ Kd4 40. Bc6 Rb3 41. Bc3+ Kxc4 42. Bxa4 Rb8 43. Bd1 Rb6 44. Bc2 Rd6 45. Kg3 Re6 46. a4 Kc5 47. a5 Kc4 48. Kg4 Re2 49. Bxg6 Rg2+ 50. Kh5 Kb5 51. h4 Rh2 52. Kh6 Rxh4+ 53. Kg5 Rh1 54. Be8+ Ka6 55. Kf4 Rh2 56. Bg6 Rxb2 57. Bxb2 Kxa5 58. Be5 Kb4 59. Be4 Kc5 60. Ke3 Kc4 61. Kd2 Kc5 62. Kc3 Kb5 63. Bd5 Kc5 64. Be4 Kb5 65. Kd4 Kb4 66. Bd5 Kb5 67. Bd6 Kb6 68. Kc4 Ka5 69. Bc5 Ka6 70. Bc6 Ka5 71. Kd5 Ka6 72. Kd6 Ka5 73. Kc7 Ka6 74. Ba4 Ka5 75. Bd7 Ka6 76. Bd4 Ka5 77. Be5 Kb4 78. Bd6+ Kc4 79. Bc6 Kd4 80. Kd7 Kc4 81. Ke6 Kd4 82. Be5+ Ke3 83. Bd5 Kd3 84. Kf5 Ke3 85. Be4 Kd2 86. Bd4 Ke2 87. Kf4 Kd2 88. Be5 Ke2 89. Bc3 Kf2 90. Bf3 Kg1 91. Kg3 Kf1 92. Bd2 Kg1 93. Be3+ Kf1 94. Bd2 Kg1 95. Be2 Kh1 96. Kf3 Kg1 97. Be3+ Kh2 98. Bf4+ Kh3 99. Bg3 1/2-1/2


[Site "https://www.chess.com"]

[Event "Titled Tuesday Blitz January 10 Late 2023"]
[White "Maksimovic, Bojan"]
[Black "Haszon, David"]
[WhiteFideId "14408120"]
[BlackFideId "733610"]
[WhiteElo "2486"]
[BlackElo "2264"]
[Result "1-0"]
[Round "01"]
[TimeControl "180+2"]
[Date "2023.01.10"]
[WhiteClock "0:01:33"]
[BlackClock "0:01:12"]

1. g3 Nf6 2. Bg2 g6 3. d3 Bg7 4. Bd2 O-O 5. Qc1 Re8 6. h4 h5 7. c4 Nc6 8. Nc3 d6 9. Bh6 Nd4 10. Bxg7 Kxg7 11. e3 Nc6 12. Nge2 e5 13. Nd5 Be6 14. Nec3 Rb8 15. a3 a5 16. Nb5 Rc8 17. Qc3 Bxd5 18. cxd5 Nd4 19. Nxd4 exd4 20. Qxd4 c5 21. dxc6 bxc6 22. O-O c5 23. Qc3 Rb8 24. Rfb1 Kh7 25. b4 axb4 26. axb4 Ng4 27. bxc5 dxc5 28. Rxb8 Qxb8 29. Qxc5 Nxf2 30. Rf1 Nxd3 31. Rxf7+ Kh6 32. Qg5# 1-0


[Site "https://www.chess.com"]

[Event "Titled Tuesday Blitz January 10 Late 2023"]
[White "Boder, Jan"]
[Black "Makridis, Dimitrios"]
[WhiteFideId "16243226"]
[BlackFideId "25864475"]
[WhiteElo "2294"]
[BlackElo "2356"]
[Result "0-1"]
[Round "01"]
[TimeControl "180+2"]
[Date "2023.01.10"]
[WhiteClock "0:00:05"]
[BlackClock "0:00:51"]

1. c4 e6 2. g3 d5 3. Nf3 Nf6 4. Bg2 Bd6 5. O-O O-O 6. d4 h6 7. Nc3 Nc6 8. b3 dxc4 9. bxc4 e5 10. d5 Na5 11. Qa4 b6 12. Nd2 Bd7 13. Qc2 c6 14. Nce4 Nxe4 15. Nxe4 Qe7 16. Nxd6 Qxd6 17. Qd3 Rad8 18. Ba3 c5 19. e4 f5 20. f3 Bc8 21. exf5 Bxf5 22. Qe2 Rde8 23. Rae1 Bc8 24. f4 e4 25. Bxe4 Bf5 26. Qd3 Rxe4 27. Rxe4 Qg6 28. Rfe1 Nb7 29. Qf3 Bxe4 30. Rxe4 Nd6 31. Re6 Qb1+ 32. Qf1 Qxf1+ 33. Kxf1 Nxc4 34. Bc1 Rd8 35. Re4 b5 36. a4 a6 37. Re6 Rxd5 38. Ke2 Rd6 39. Re8+ Kf7 40. Rc8 Rd5 41. Rc7+ Kg6 42. g4 b4 43. h4 b3 44. h5+ Kh7 45. Rb7 b2 46. Bxb2 Rd2+ 47. Kf3 Rxb2 48. Rc7 Rb3+ 49. Ke4 Nd6+ 50. Kd5 Rd3+ 51. Kxc5 Ne4+ 52. Kb6 Rd6+ 53. Rc6 Rd4 54. a5 Nf6 55. g5 hxg5 56. fxg5 Nd7+ 57. Kxa6 Nb8+ 58. Kb7 Nxc6 59. Kc7 Nxa5 60. Kb6 Rg4 0-1


[Site "https://www.chess.com"]

[Event "Titled Tuesday Blitz January 10 Late 2023"]
[White "Goltsev, Dmitry"]
[Black "Kaminski, Victor"]
[WhiteFideId "24176710"]
[BlackFideId "1131630"]
[WhiteElo "2269"]
[BlackElo "2247"]
[Result "1-0"]
[Round "01"]
[TimeControl "180+2"]
[Date "2023.01.10"]
[WhiteClock "0:02:06"]
[BlackClock "0:00:59"]

1. e4 c5 2. Nf3 e6 3. d4 cxd4 4. Nxd4 Nf6 5. Nc3 Nc6 6. Be2 Bc5 7. Nb3 Be7 8. O-O O-O 9. Be3 d5 10. exd5 Nxd5 11. Nxd5 Qxd5 12. Qxd5 exd5 13. c3 Bf5 14. Rad1 Rfd8 15. Rd2 Ne5 16. Rfd1 Nc4 17. Rxd5 Rxd5 18. Rxd5 Be6 19. Bxc4 Bxd5 20. Bxd5 Rd8 21. Bf3 b6 22. Nd4 Bf6 23. h3 h6 24. Nc6 Rd7 25. a4 Bg5 26. Bxg5 hxg5 27. b4 Rd3 28. c4 Rc3 29. Bd5 Rc1+ 30. Kh2 Ra1 31. a5 bxa5 32. Nxa5 a6 33. c5 Kf8 34. c6 Ke7 35. Nb3 Ra4 36. Nc5 Rxb4 37. c7 1-0


[Site "https://www.chess.com"]

[Event "Titled Tuesday Blitz January 10 Late 2023"]
[White "Mortazavi, Ali"]
[Black "Borges Feria, Yasel"]
[WhiteFideId "401323"]
[BlackFideId "3504921"]
[WhiteElo "2333"]
[BlackElo "2439"]
[Result "0-1"]
[Round "01"]
[TimeControl "180+2"]
[Date "2023.01.10"]
[WhiteClock "0:01:06"]
[BlackClock "0:01:08"]

1. Nf3 Nf6 2. g3 b6 3. Bg2 Bb7 4. O-O e6 5. d3 c5 6. e4 d6 7. a4 a6 8. Nbd2 Qc7 9. Nc4 Nc6 10. Re1 Be7 11. e5 dxe5 12. Ncxe5 O-O 13. Bf4 Nxe5 14. Bxe5 Qc8 15. c3 Rd8 16. Qe2 h6 17. h3 Nd7 18. Bf4 Bc6 19. a5 b5 20. h4 Qb7 21. Rad1 Nf6 22. Be5 Rd7 23. d4 Rad8 24. dxc5 Bxc5 25. Bxf6 gxf6 26. h5 Bd5 27. Nh4 Bxg2 28. Nxg2 f5 29. Nf4 Qc7 30. Nd3 Qxg3+ 31. Kf1 Qh3+ 32. Kg1 Rxd3 0-1


[Site "https://www.chess.com"]

[Event "Titled Tuesday Blitz January 10 Late 2023"]
[White "Nasuta, Grzegorz"]
[Black "Golizadeh, Asghar"]
[WhiteFideId "1141686"]
[BlackFideId "12505269"]
[WhiteElo "2552"]
[BlackElo "2455"]
[Result "1-0"]
[Round "01"]
[TimeControl "180+2"]
[Date "2023.01.10"]
[WhiteClock "0:00:15"]
[BlackClock "0:00:02"]

1. e4 c5 2. Nf3 e6 3. g3 Nc6 4. Bg2 Nf6 5. Qe2 e5 6. O-O Be7 7. c3 O-O 8. Na3 Re8 9. d3 d6 10. Nc4 Be6 11. Ne3 g6 12. Rd1 d5 13. Ng5 d4 14. Nxe6 fxe6 15. Nc4 b5 16. Nd2 dxc3 17. bxc3 b4 18. Bb2 bxc3 19. Bxc3 Nd4 20. Bxd4 exd4 21. Rac1 e5 22. Rc2 Nd7 23. Bh3 Nf8 24. Nb3 Qd6 25. Rxc5 Rab8 26. Rdc1 Qf6 27. Rc6 Qg5 28. R1c2 Bb4 29. Ra6 Re7 30. Bg2 Bc3 31. h4 Qh6 32. Bh3 Qg7 33. Rc1 Qf7 34. Rf1 Reb7 35. Kg2 Rxb3 36. axb3 Rxb3 37. Qa2 Rb7 38. Qd5 Qxd5 39. exd5 Kf7 40. f4 e4 41. dxe4 d3 42. Rd1 Rb2+ 43. Kf3 Bd4 44. e5 d2 45. d6 Bb6 46. Ra3 Ne6 47. Bxe6+ Kxe6 48. Rd3 Kd7 49. R1xd2 Bd8 50. Rxb2 1-0


[Site "https://www.chess.com"]

[Event "Titled Tuesday Blitz January 10 Late 2023"]
[White "Golding, Alex"]
[Black "Karacsonyi, Gellert"]
[WhiteFideId "427241"]
[BlackFideId "764620"]
[WhiteElo "2318"]
[BlackElo "2385"]
[Result "0-1"]
[Round "01"]
[TimeControl "180+2"]
[Date "2023.01.10"]
[WhiteClock "0:00:11"]
[BlackClock "0:00:52"]

1. e4 c5 2. Nf3 Nc6 3. g3 g6 4. Bg2 Bg7 5. O-O d6 6. c3 e5 7. a4 Nge7 8. Na3 O-O 9. d3 h6 10. Be3 Be6 11. Rb1 a5 12. Nb5 f5 13. Qc1 Kh7 14. Ne1 Qd7 15. Nc2 fxe4 16. dxe4 Rad8 17. Nca3 Bh3 18. Qd1 Bxg2 19. Kxg2 Qe6 20. Qe2 b6 21. Nc4 Nc8 22. Rbd1 d5 23. exd5 Rxd5 24. Bc1 Rfd8 25. Ne3 Rxd1 26. Rxd1 e4 27. Rxd8 Nxd8 28. Qg4 Qxg4 29. Nxg4 Nc6 30. Ne3 Ne5 31. Bd2 Bf6 32. Nd5 Bd8 33. b4 Nc4 34. Be1 Nb2 35. bxc5 bxc5 36. Ne3 Nxa4 37. Nc4 Kg7 38. Kf1 Kf6 39. Ke2 Ke6 40. Ke3 Kd5 41. Nba3 Bg5+ 42. f4 exf3+ 43. Kxf3 Bd8 44. Ne3+ Kc6 45. c4 Nd6 46. Ke2 Nb2 47. Bc3 Na4 48. Kd3 Nxc3 49. Kxc3 a4 50. Nac2 Bf6+ 51. Kd2 Bb2 52. Ne1 Bd4 53. N1g2 a3 54. Nc2 Nxc4+ 55. Kd3 Ne5+ 56. Ke4 a2 57. Nf4 a1=Q 58. Nxa1 Bxa1 59. h4 c4 60. Ne2 Kc5 61. Nd4 0-1


[Site "https://www.chess.com"]

[Event "Titled Tuesday Blitz January 10 Late 2023"]
[White "Tanenbaum, Zachary"]
[Black "Nathan, Nitish"]
[WhiteFideId "2060850"]
[BlackFideId "30927870"]
[WhiteElo "2261"]
[BlackElo "2071"]
[Result "1-0"]
[Round "01"]
[TimeControl "180+2"]
[Date "2023.01.10"]
[WhiteClock "0:01:17"]
[BlackClock "0:01:29"]

1. e4 c5 2. Nf3 Nc6 3. Nc3 e5 4. Bc4 Be7 5. d3 d6 6. Nd2 Nf6 7. Nf1 h5 8. Bg5 Nd4 9. Ne3 a6 10. a4 Rb8 11. Bxf6 Bxf6 12. Ned5 b5 13. axb5 axb5 14. Ba2 h4 15. h3 O-O 16. O-O Be6 17. Ne2 Nxe2+ 18. Qxe2 Bxd5 19. Bxd5 Qb6 20. Qh5 c4 21. dxc4 bxc4 22. Bxc4 Qxb2 23. Bd5 Qd4 24. Ra3 Rb2 25. Ra8 Rxa8 26. Qxf7+ Kh8 27. Qh5# 1-0


[Site "https://www.chess.com"]

[Event "Titled Tuesday Blitz January 10 Late 2023"]
[White "Miszler, Levente"]
[Black "Atakishiyev, Elmar"]
[WhiteFideId "763276"]
[BlackFideId "13410547"]
[WhiteElo "2271"]
[BlackElo "2363"]
[Result "0-1"]
[Round "01"]
[TimeControl "180+2"]
[Date "2023.01.10"]
[WhiteClock "0:00:28"]
[BlackClock "0:00:17"]

1. c4 Nf6 2. Nc3 g6 3. d4 Bg7 4. Nf3 O-O 5. Bg5 d6 6. Qd2 Bg4 7. h3 Bxf3 8. gxf3 c5 9. d5 a6 10. h4 Nh5 11. Bh3 b5 12. Bg4 b4 13. Ne4 Nf6 14. h5 Nxg4 15. fxg4 f6 16. Bh6 g5 17. Bxg7 Kxg7 18. Ng3 Nd7 19. Nf5+ Kh8 20. f4 gxf4 21. Qxf4 Rg8 22. O-O-O Ne5 23. Rdg1 Rg5 24. h6 Qa5 25. Kb1 b3 26. a3 Ng6 27. Qe4 Qd2 28. Nxe7 Qc2+ 29. Qxc2 bxc2+ 30. Kxc2 Nxe7 31. Rf1 Rf8 32. Rf4 Ng6 33. Re4 Ne5 34. Rg1 f5 35. Rf4 Rxg4 36. Rgxg4 Nxg4 37. e4 Nxh6 38. exf5 Rxf5 39. Rh4 Nf7 40. b4 Kg7 41. b5 Ne5 42. bxa6 Rf7 43. Rh3 Ra7 44. Rg3+ Kf6 45. Rb3 Rxa6 46. Rb7 Nxc4 47. Rxh7 Rxa3 48. Rh6+ Ke5 49. Rh5+ Kd4 50. Rh4+ Kxd5 0-1


[Site "https://www.chess.com"]

[Event "Titled Tuesday Blitz January 10 Late 2023"]
[White "Riehle, Marco"]
[Black "Nikologorsky, Matfei"]
[WhiteFideId "12904392"]
[BlackFideId "24102474"]
[WhiteElo "2368"]
[BlackElo "2182"]
[Result "1-0"]
[Round "01"]
[TimeControl "180+2"]
[Date "2023.01.10"]
[WhiteClock "0:01:25"]
[BlackClock "0:00:04"]

1. e4 c5 2. a3 e6 3. b4 cxb4 4. axb4 d5 5. exd5 Qxd5 6. Nf3 Bxb4 7. Bb2 Nf6 8. Bd3 b6 9. O-O Bb7 10. Nc3 Qh5 11. Nb5 O-O 12. Bxf6 gxf6 13. Nc7 Nd7 14. Nxa8 Rxa8 15. Qe2 Bd6 16. Be4 Ne5 17. h3 Nxf3+ 18. Bxf3 Bxf3 19. Qxf3 Qxf3 20. gxf3 a5 21. Rfb1 Bc5 22. Ra4 Rd8 23. Rd1 e5 24. f4 Kg7 25. Kg2 Kg6 26. Kf3 Kf5 27. fxe5 fxe5 28. d3 Rd6 29. Rh4 Rf6 30. Ke2 Ke6 31. f3 h6 32. c3 Rg6 33. Rg4 Rf6 34. d4 exd4 35. cxd4 Bb4 36. d5+ Kd6 37. Rg8 Rf5 38. Rh8 b5 39. Rxh6+ f6 40. Rh8 a4 41. Rb8 Re5+ 42. Kf1 a3 43. Rxb5 Bc3 44. Rb6+ Kd7 45. Ra6 Bb2 46. d6 Rc5 47. Ra7+ Kd8 48. d7 Rc1 49. Ra8+ Ke7 50. d8=Q+ Ke6 51. Rxc1 Bxc1 52. Ra6+ 1-0


[Site "https://www.chess.com"]

[Event "Titled Tuesday Blitz January 10 Late 2023"]
[White "Freile Martin, Javier"]
[Black "Djordjevic, Vuk"]
[WhiteFideId "3600165"]
[BlackFideId "902098"]
[WhiteElo "2329"]
[BlackElo "2375"]
[Result "0-1"]
[Round "01"]
[TimeControl "180+2"]
[Date "2023.01.10"]
[WhiteClock "0:00:34"]
[BlackClock "0:00:56"]

1. d4 Nf6 2. c4 e6 3. Nc3 Bb4 4. e3 O-O 5. Ne2 d5 6. a3 Be7 7. cxd5 exd5 8. g3 a5 9. Bg2 c6 10. O-O Na6 11. Qd3 Nc7 12. f3 Ne6 13. Bd2 c5 14. Rad1 b6 15. dxc5 Ba6 16. Qf5 g6 17. Qh3 bxc5 18. Bc1 d4 19. exd4 Nxd4 20. Rfe1 Re8 21. Bg5 Bxe2 22. Nxe2 Nxe2+ 23. Kf2 Nd4 24. f4 Rb8 25. Rd2 h5 26. Bf3 Qb6 27. Bd1 c4 28. Kg2 Qc6+ 29. Kg1 Bc5 0-1


[Site "https://www.chess.com"]

[Event "Titled Tuesday Blitz January 10 Late 2023"]
[White "Klukin, Kirill"]
[Black "Doluhanova, Evgeniya"]
[WhiteFideId "24199273"]
[BlackFideId "14112035"]
[WhiteElo "2390"]
[BlackElo "2275"]
[Result "1-0"]
[Round "01"]
[TimeControl "180+2"]
[Date "2023.01.10"]
[WhiteClock "0:00:40"]
[BlackClock "0:00:37"]

1. b3 e5 2. Bb2 Nc6 3. g3 d5 4. Bg2 Be6 5. e3 Bd6 6. Ne2 Nge7 7. d3 O-O 8. Nd2 f5 9. a3 Qd7 10. c4 f4 11. exf4 exf4 12. Qc2 dxc4 13. dxc4 Bf5 14. Be4 Be5 15. O-O-O Bxb2+ 16. Qxb2 Bxe4 17. Nxe4 Qf5 18. Qc2 f3 19. Nf4 Ne5 20. Nc5 Qxc2+ 21. Kxc2 N7g6 22. Nxg6 hxg6 23. Nxb7 Ng4 24. Rd2 Rfe8 25. h3 Nf6 26. Nc5 Re5 27. Nd7 Nxd7 28. Rxd7 Re2+ 29. Rd2 Rae8 30. Rd1 g5 31. Rxe2 Rxe2+ 32. Rd2 Re1 33. Kc3 a5 34. Rd3 Rh1 35. Rxf3 Rxh3 36. Rf5 Rh2 37. Rxa5 Rxf2 38. Rxg5 1-0


[Site "https://www.chess.com"]

[Event "Titled Tuesday Blitz January 10 Late 2023"]
[White "Dedona, Mark"]
[Black "Injac, Teodora"]
[WhiteFideId "30920256"]
[BlackFideId "932400"]
[WhiteElo "1662"]
[BlackElo "2391"]
[Result "0-1"]
[Round "01"]
[TimeControl "180+2"]
[Date "2023.01.10"]
[WhiteClock "0:00:30"]
[BlackClock "0:00:36"]

1. e4 e5 2. Nc3 Nf6 3. f4 d5 4. fxe5 Nxe4 5. Qf3 Nxc3 6. dxc3 c5 7. Qg3 Nc6 8. Nf3 h6 9. Bb5 Qb6 10. Bxc6+ Qxc6 11. O-O Be6 12. Be3 g5 13. h4 g4 14. Nh2 O-O-O 15. Rad1 Be7 16. Qf2 b6 17. g3 Rdf8 18. Qe2 h5 19. Bf4 Kb7 20. Rfe1 Bf5 21. Nf1 c4 22. Be3 Be4 23. Nd2 Bxc2 24. Rc1 Bd3 25. Qg2 f6 26. Bd4 fxe5 27. Bxe5 Bc5+ 28. Bd4 Re8 29. b3 Rhf8 30. bxc4 dxc4 31. Qxc6+ Kxc6 32. Bxc5 Kxc5 33. Nf1 Rxe1 34. Rxe1 Rxf1+ 35. Rxf1 Bxf1 36. Kxf1 Kd5 37. Kf2 Ke4 38. Ke2 b5 0-1


[Site "https://www.chess.com"]

[Event "Titled Tuesday Blitz January 10 Late 2023"]
[White "Goryachkina, Aleksandra"]
[Black "Kaganskiy, Gleb"]
[WhiteFideId "4147103"]
[BlackFideId "4132025"]
[WhiteElo "2571"]
[BlackElo "2205"]
[Result "1-0"]
[Round "01"]
[TimeControl "180+2"]
[Date "2023.01.10"]
[WhiteClock "0:00:12"]
[BlackClock "0:00:10"]

1. e4 e6 2. d4 d5 3. Nc3 Bb4 4. exd5 exd5 5. Bd3 Nf6 6. Ne2 O-O 7. O-O c6 8. Bg5 Bg4 9. f3 Bh5 10. Nf4 Bg6 11. Nxg6 hxg6 12. Ne2 Bd6 13. Qd2 Nbd7 14. Ng3 Re8 15. Rae1 Qc7 16. Rxe8+ Rxe8 17. f4 Ne4 18. Nxe4 dxe4 19. Bc4 Nb6 20. Bb3 Nd5 21. c4 e3 22. Qe2 Nxf4 23. Bxf4 Bxf4 24. c5 Re7 25. g3 Bh6 26. Kg2 Qd7 27. Qf3 Qxd4 28. Bxf7+ Kh7 29. Bxg6+ 1-0


[Site "https://www.chess.com"]

[Event "Titled Tuesday Blitz January 10 Late 2023"]
[White "Sivakumar, Shaashwath"]
[Black "Ruiz Castillo, Joshua Daniel"]
[WhiteFideId "30912156"]
[BlackFideId "4400704"]
[WhiteElo "2198"]
[BlackElo "2459"]
[Result "0-1"]
[Round "01"]
[TimeControl "180+2"]
[Date "2023.01.10"]
[WhiteClock "0:00:01"]
[BlackClock "0:00:24"]

1. d4 d5 2. c4 e6 3. Nf3 a6 4. cxd5 exd5 5. Nc3 c6 6. Qc2 Bg4 7. Bf4 Bd6 8. Bxd6 Qxd6 9. Ne5 Bh5 10. e3 Bg6 11. Bd3 Nf6 12. O-O O-O 13. f4 Bxd3 14. Qxd3 Re8 15. Rf3 a5 16. Rh3 Na6 17. Rf1 c5 18. g4 g6 19. g5 Nb4 20. Qb1 Nd7 21. Nb5 Qe7 22. Qe1 cxd4 23. Qh4 h5 24. exd4 Rac8 25. Re1 Nc2 26. Re2 Qb4 27. Qf2 Qxb5 28. Rxc2 Nxe5 29. fxe5 Rxc2 30. Qxc2 Qd7 31. Rg3 Rc8 32. Qd2 Rc4 33. Rd3 Qg4+ 34. Kf1 b6 35. h3 Qe4 36. Qe2 Rxd4 37. Qxe4 Rxe4 38. Rxd5 Kg7 39. Rb5 Rh4 40. Kg2 Rd4 41. Rxb6 Rd5 42. Kf3 Rxe5 43. Rb3 Rxg5 44. Rd3 Rf5+ 45. Kg3 g5 46. h4 Kg6 47. Rd6+ f6 48. hxg5 Kxg5 49. Rd8 h4+ 50. Kg2 Kf4 51. Rh8 Rg5+ 52. Kh3 Rg3+ 53. Kxh4 Rg2 54. Rf8 Rh2# 0-1


[Site "https://www.chess.com"]

[Event "Titled Tuesday Blitz January 10 Late 2023"]
[White "Bazeev, German"]
[Black "Perez Rodriguez, Jennifer"]
[WhiteFideId "24119350"]
[BlackFideId "3507831"]
[WhiteElo "2369"]
[BlackElo "2242"]
[Result "1-0"]
[Round "01"]
[TimeControl "180+2"]
[Date "2023.01.10"]
[WhiteClock "0:01:06"]
[BlackClock "0:00:08"]

1. d4 d5 2. Nf3 Nf6 3. c4 c6 4. Qc2 e6 5. Bg5 Nbd7 6. e3 Qa5+ 7. Nc3 Ne4 8. Bf4 Ndf6 9. Rc1 dxc4 10. Bxc4 b5 11. Bd3 Nxc3 12. bxc3 Bb7 13. O-O Ba3 14. Rcd1 O-O 15. Be5 b4 16. c4 c5 17. Bxf6 gxf6 18. Bxh7+ Kg7 19. Be4 Rab8 20. Bxb7 Rxb7 21. d5 f5 22. e4 b3 23. axb3 Qb4 24. Nd2 f4 25. e5 exd5 26. cxd5 Re8 27. Qf5 Qc3 28. Nf3 Rxb3 29. Qg5+ 1-0


[Site "https://www.chess.com"]

[Event "Titled Tuesday Blitz January 10 Late 2023"]
[White "Melikhov, Evgeny V."]
[Black "Costachi, Mihnea"]
[WhiteFideId "4122046"]
[BlackFideId "1217518"]
[WhiteElo "2269"]
[BlackElo "2476"]
[Result "0-1"]
[Round "01"]
[TimeControl "180+2"]
[Date "2023.01.10"]
[WhiteClock "0:00:04"]
[BlackClock "0:00:20"]

1. d4 d5 2. c4 dxc4 3. Nf3 Nf6 4. e3 c5 5. Bxc4 a6 6. a4 cxd4 7. exd4 Bg4 8. O-O e6 9. Nc3 Be7 10. Qd3 Nc6 11. d5 Nb4 12. Qe2 exd5 13. Bb3 O-O 14. h3 Bh5 15. g4 Bg6 16. Ne5 d4 17. Nxg6 hxg6 18. g5 dxc3 19. gxf6 Bxf6 20. bxc3 Bxc3 21. Rb1 Qf6 22. Be3 Rfe8 23. Qg4 a5 24. Rbd1 Rad8 25. Rd7 Rxd7 26. Qxd7 Qe7 27. Qg4 Qe4 28. Rd1 Qxg4+ 29. hxg4 Nc6 30. Rd7 Re7 31. Rxe7 Nxe7 32. Bb6 g5 33. f3 Kf8 34. Kf2 f5 35. Ke3 fxg4 36. fxg4 Nc6 37. Ke4 Ke7 38. Bc5+ Kf6 39. Kd5 Ne5 40. Bd1 Nd3 41. Bd6 Bb4 42. Bc7 Ke7 43. Bc2 Nb2 44. Bb6 Bc3 45. Kc5 Ke6 46. Kb5 Ke5 47. Bxa5 Bxa5 48. Kxa5 Kf4 49. Kb6 Kxg4 50. Kxb7 Nc4 51. Bd3 Nb2 52. Bb5 Nxa4 53. Bxa4 Kh3 54. Kc6 g4 55. Kd5 g3 56. Bd7+ Kh2 57. Ke5 g2 0-1


[Site "https://www.chess.com"]

[Event "Titled Tuesday Blitz January 10 Late 2023"]
[White "Milikow, Yoav"]
[Black "Adury, Anant"]
[WhiteFideId "2822237"]
[BlackFideId "30964687"]
[WhiteElo "2394"]
[BlackElo "2123"]
[Result "1-0"]
[Round "01"]
[TimeControl "180+2"]
[Date "2023.01.10"]
[WhiteClock "0:00:14"]
[BlackClock "0:00:03"]

1. c4 Nf6 2. d4 d6 3. Nc3 e5 4. Nf3 Nc6 5. d5 Ne7 6. Qc2 Ng6 7. h4 Bg4 8. Nh2 Bd7 9. g3 Be7 10. e4 c5 11. Be2 a6 12. h5 Nf8 13. g4 h6 14. a4 N6h7 15. Nd1 Bg5 16. Ne3 Bf4 17. Bd2 Nf6 18. a5 N8h7 19. Nf5 Bxd2+ 20. Kxd2 Bxf5 21. gxf5 Ng5 22. Bf3 Ke7 23. Ke3 b6 24. Ra2 b5 25. Nf1 Qb8 26. Nd2 b4 27. Bd1 Qc7 28. Qd3 Rab8 29. f3 Kd7 30. Ba4+ Ke7 31. Nb3 Rbg8 32. Raa1 g6 33. hxg6 fxg6 34. fxg6 Rxg6 35. Rag1 Rgg8 36. Qe2 Qd8 37. Qh2 Qf8 38. Qh4 Kd8 39. Rg3 Kc7 40. Ke2 Ne8 41. Qh5 Nf6 42. Qh4 Ne8 43. Qg4 Nf6 44. Qf5 Qf7 45. Rhg1 Qe7 46. Bc6 Nd7 47. Rh1 Nf8 48. Nc1 Ng6 49. Nd3 Qg7 50. Kd1 Rf8 51. Qg4 Nf4 52. Ne1 Qf6 53. Rhg1 Qe7 54. Rh1 Qg7 55. Kc2 Qe7 56. Kb3 Qg7 57. Ka4 Qe7 58. Nc2 Qg7 59. Ne3 Qg6 60. Nf5 Qf7 61. Kb3 Qh7 62. Ba4 Qf7 63. Rxh6 Rxh6 64. Nxh6 Qh7 65. Qxg5 1-0


[Site "https://www.chess.com"]